[Event "Titled Tuesday Blitz March 22 Late 2022"]
[White "Le Goff, Ronan"]
[Black "Hambleton, Aman"]
[WhiteFideId "612073"]
[BlackFideId "2606577"]
[WhiteElo "2276"]
[BlackElo "2552"]
[Result "1/2-1/2"]
[Round "08"]
[TimeControl "180+1"]
[Date "2022.03.22"]
[WhiteClock "0:00:06"]
[BlackClock "0:00:05"]

1. d4 Nf6 2. Nf3 e6 3. e3 c5 4. Bd3 b6 5. O-O Bb7 6. c4 d6 7. Nc3 a6 8. d5 exd5 9. cxd5 b5 10. e4 Be7 11. h3 O-O 12. a4 c4 13. Bb1 b4 14. Ne2 Nbd7 15. Ned4 Nc5 16. Re1 Rc8 17. Nf5 Nb3 18. Ra2 Nxc1 19. Qxc1 a5 20. N3d4 Nd7 21. Qf4 Bf6 22. Qg3 Qb6 23. Nb5 Be5 24. Qh4 Kh8 25. Kh1 g6 26. Ne3 Ba6 27. f4 Bf6 28. Qg4 Rcd8 29. Nxc4 Qc5 30. Ncxd6 b3 31. Ra1 Bxb2 32. Bd3 Bxa1 33. Rxa1 Bxb5 34. Nxb5 b2 35. Rb1 Nf6 36. Qg5 Kg7 37. Qe5 Rfe8 38. Qxb2 Qe7 39. d6 Qe6 40. e5 Nh5 41. Qf2 Kg8 42. Re1 Qd5 43. Be4 Qb3 44. Nc7 Rf8 45. Nd5 Ng3+ 46. Kh2 Nxe4 47. Rxe4 Qxd5 48. Qe3 Rfe8 49. f5 Rxd6 50. f6 Rde6 51. Qh6 Rxf6 52. exf6 Qd6+ 53. Rf4 Qf8 54. Qg5 h6 55. Qg3 Kh7 56. h4 Re5 57. Rg4 Qc5 58. Qf3 Rf5 59. Rf4 Qe5 60. g3 Rxf4 61. Qxf4 Qxf4 62. gxf4 g5 63. f5 gxh4 64. Kh3 Kg8 65. Kxh4 Kh8 66. Kh5 Kh7 67. Kh4 Kh8 68. Kh5 Kh7 69. Kh4 Kh8 1/2-1/2


[Site "https://www.chess.com"]

[Event "Titled Tuesday Blitz March 22 Late 2022"]
[White "Lin, Dachey"]
[Black "Babazada, Khazar"]
[WhiteFideId "2029650"]
[BlackFideId "13413554"]
[WhiteElo "2313"]
[BlackElo "2418"]
[Result "0-1"]
[Round "08"]
[TimeControl "180+1"]
[Date "2022.03.22"]
[WhiteClock "0:00:13"]
[BlackClock "0:00:45"]

1. Nc3 d5 2. e4 d4 3. Nce2 c5 4. Nf3 Nc6 5. c3 e5 6. Ng3 h5 7. h4 Nf6 8. Bb5 Bd6 9. d3 Bg4 10. Nf5 Bxf5 11. exf5 Qd7 12. Qa4 O-O 13. Bxc6 bxc6 14. O-O Rfc8 15. Bg5 Qxf5 16. Bxf6 gxf6 17. Qc2 c4 18. Rad1 cxd3 19. Qxd3 Qxd3 20. Rxd3 c5 21. Nd2 Kh7 22. Ne4 Be7 23. Ng3 Kg6 24. f4 c4 25. Rdf3 exf4 26. Rxf4 d3 27. Nf5 Bc5+ 28. Kh1 d2 29. Rxc4 Re8 30. Rxc5 Re1 31. Ne7+ Kg7 32. Nf5+ Kh7 33. Rxe1 dxe1=Q+ 34. Kh2 Rg8 35. Nd4 Qxh4+ 36. Kg1 Qe1+ 37. Kh2 Qg3+ 0-1


[Site "https://www.chess.com"]

[Event "Titled Tuesday Blitz March 22 Late 2022"]
[White "Liu, Leonardo"]
[Black "Vovk, Orest"]
[WhiteFideId "30965780"]
[BlackFideId "14113490"]
[WhiteElo "2310"]
[BlackElo "2203"]
[Result "0-1"]
[Round "08"]
[TimeControl "180+1"]
[Date "2022.03.22"]
[WhiteClock "0:01:01"]
[BlackClock "0:01:38"]

1. e4 Nf6 2. e5 Nd5 3. c4 Nb6 4. d4 d6 5. exd6 exd6 6. Nf3 Be7 7. Be2 O-O 8. O-O Bf6 9. Nc3 Nc6 10. b3 Bg4 11. Be3 Re8 12. Rc1 d5 13. c5 Nc8 14. h3 Bh5 15. Nh2 Bxe2 16. Nxe2 N8e7 17. Ng4 Nf5 18. Nf4 Nxe3 19. fxe3 Bg5 20. Qd3 Qd7 21. Rce1 Re4 22. Nf2 Bxf4 23. Nxe4 dxe4 24. Qxe4 Bh6 25. Qf3 Re8 26. Kh1 f5 27. a3 g6 28. b4 Re4 29. b5 Ne7 30. g4 Qd5 31. Re2 fxg4 32. hxg4 Rxg4 33. e4 Rh4+ 34. Kg2 Qg5+ 35. Kf2 Rh2+ 36. Ke1 Qc1# 0-1


[Site "https://www.chess.com"]

[Event "Titled Tuesday Blitz March 22 Late 2022"]
[White "Maghsoodloo, Parham"]
[Black "Yoo, Christopher Woojin"]
[WhiteFideId "12539929"]
[BlackFideId "30909694"]
[WhiteElo "2630"]
[BlackElo "2105"]
[Result "1-0"]
[Round "08"]
[TimeControl "180+1"]
[Date "2022.03.22"]
[WhiteClock "0:01:04"]
[BlackClock "0:00:02"]

1. d4 Nf6 2. c4 e6 3. Nc3 Bb4 4. e3 O-O 5. Bd2 d5 6. Nf3 b6 7. cxd5 exd5 8. Rc1 Bb7 9. Bd3 Nbd7 10. O-O Be7 11. Ne5 c5 12. f4 Ne4 13. Be1 Ndf6 14. g4 Nxc3 15. bxc3 Ne4 16. g5 Rc8 17. Rc2 Qd6 18. Rg2 Rc7 19. Qh5 Bc8 20. Bxe4 dxe4 21. f5 Bxf5 22. Rxf5 g6 23. Qh6 gxf5 24. g6 fxg6 25. Nxg6 Bg5 26. Rxg5 Rg7 27. Bg3 f4 28. Qxg7+ Kxg7 29. Nxf8+ Kxf8 30. Bxf4 Qf6 31. Kg2 h6 32. Re5 Qg6+ 33. Kh3 cxd4 34. cxd4 h5 35. Rg5 Qe6+ 36. Kh4 Qxa2 37. d5 Qa4 38. d6 Qd7 39. Rxh5 a5 40. Be5 Qe6 41. d7 Qe7+ 42. Kg3 1-0


[Site "https://www.chess.com"]

[Event "Titled Tuesday Blitz March 22 Late 2022"]
[White "Maltsevskaya, Aleksandra"]
[Black "Muetsch, Annmarie"]
[WhiteFideId "24174041"]
[BlackFideId "12971367"]
[WhiteElo "2241"]
[BlackElo "2249"]
[Result "0-1"]
[Round "08"]
[TimeControl "180+1"]
[Date "2022.03.22"]
[WhiteClock "0:00:15"]
[BlackClock "0:00:17"]

1. e4 d6 2. d4 Nf6 3. Nc3 e5 4. dxe5 dxe5 5. Qxd8+ Kxd8 6. Nf3 Bd6 7. Bc4 Ke7 8. Bg5 c6 9. O-O-O Bc7 10. h3 Nd7 11. g4 h6 12. Be3 b5 13. Bb3 a5 14. a4 b4 15. Ne2 Nxe4 16. g5 Ndc5 17. gxh6 Nxb3+ 18. cxb3 gxh6 19. Ng3 Nxg3 20. Bc5+ Ke8 21. fxg3 Be6 22. Rhe1 f6 23. g4 Kf7 24. Rf1 Rad8 25. Be3 Bxb3 26. Rxd8 Rxd8 27. Bxh6 Rd3 28. Nd2 Rxh3 29. g5 Bd8 30. Ne4 Kg6 31. gxf6 Rxh6 32. f7 Be7 33. f8=Q Bxf8 34. Rxf8 Rh1+ 35. Kd2 Rh2+ 36. Kc1 Bxa4 37. Rf5 Kxf5 0-1


[Site "https://www.chess.com"]

[Event "Titled Tuesday Blitz March 22 Late 2022"]
[White "Mangialardo, Tiago Carvalho"]
[Black "Celestino, Rafael Teixeira"]
[WhiteFideId "2130718"]
[BlackFideId "2108925"]
[WhiteElo "2087"]
[BlackElo "2303"]
[Result "0-1"]
[Round "08"]
[TimeControl "180+1"]
[Date "2022.03.22"]
[WhiteClock "0:00:01"]
[BlackClock "0:00:45"]

1. e4 c5 2. Nf3 d6 3. d4 cxd4 4. Nxd4 Nf6 5. Nc3 a6 6. Be3 Nc6 7. Be2 g6 8. O-O Bg7 9. Rb1 O-O 10. a3 e5 11. Nf3 Be6 12. Qd2 d5 13. exd5 Nxd5 14. Nxd5 Qxd5 15. Rfd1 Rfd8 16. Qxd5 Bxd5 17. c4 Be4 18. Rbc1 a5 19. Ne1 a4 20. f3 Bf5 21. g4 Be6 22. Rc2 f5 23. h3 Kf7 24. Nd3 Na5 25. Bb6 Nxc4 26. Bxd8 Ne3 27. Rc7+ Kg8 28. Be7 Nxd1 29. Bxd1 e4 30. Nc5 Be5 31. Rxb7 Bd5 32. Rb6 Bd4+ 0-1


[Site "https://www.chess.com"]

[Event "Titled Tuesday Blitz March 22 Late 2022"]
[White "Manukian, Artak"]
[Black "Curtis, John"]
[WhiteFideId "13301373"]
[BlackFideId "3200256"]
[WhiteElo "2424"]
[BlackElo "2203"]
[Result "1-0"]
[Round "08"]
[TimeControl "180+1"]
[Date "2022.03.22"]
[WhiteClock "0:00:56"]
[BlackClock "0:00:02"]

1. e4 e5 2. Nf3 Nc6 3. d4 exd4 4. Nxd4 Nf6 5. Nxc6 bxc6 6. e5 Nd5 7. Bd3 Be7 8. Qh5 d6 9. exd6 cxd6 10. O-O Nb4 11. Nc3 Nxd3 12. cxd3 d5 13. d4 O-O 14. Bf4 Bd6 15. Bxd6 Qxd6 16. Qe5 Qxe5 17. dxe5 f6 18. exf6 Rxf6 19. b4 a5 20. a3 Rf4 21. b5 Rc4 22. Rfc1 d4 23. Ne2 Rxc1+ 24. Rxc1 d3 25. Nf4 d2 26. Rd1 cxb5 27. Rxd2 Bb7 28. f3 Rc8 29. Kf2 b4 30. axb4 axb4 31. Rb2 Rc4 32. Nd3 Rd4 33. Nxb4 h5 34. Ke3 Rc4 35. Nd3 Rc7 36. Ne5 Ba6 37. Kf4 Bf1 38. Kg5 Rc5 39. f4 Kf8 40. Kxh5 Ke7 41. Kg4 1-0


[Site "https://www.chess.com"]

[Event "Titled Tuesday Blitz March 22 Late 2022"]
[White "Martin Barcelo, Carles"]
[Black "Jaferian, Koosha"]
[WhiteFideId "24561444"]
[BlackFideId "12507440"]
[WhiteElo "1875"]
[BlackElo "2030"]
[Result "0-1"]
[Round "08"]
[TimeControl "180+1"]
[Date "2022.03.22"]
[WhiteClock "0:00:02"]
[BlackClock "0:00:26"]

1. e4 c6 2. d4 d5 3. exd5 cxd5 4. Bd3 Nc6 5. c3 Qc7 6. h3 g6 7. Ne2 Bf5 8. Bxf5 gxf5 9. Bf4 Qb6 10. Nd2 e6 11. O-O Nf6 12. Nf3 Rg8 13. Ne5 Nxe5 14. Bxe5 Nd7 15. Bf4 Bd6 16. Qd2 Nf6 17. f3 O-O-O 18. Bxd6 Qxd6 19. Qf4 Qb6 20. Qh4 Nd7 21. b4 Kb8 22. Nf4 Ka8 23. a4 Qc7 24. Rac1 Nb6 25. a5 Nc4 26. Nd3 Rg7 27. Rf2 Rdg8 28. Kh1 Ne3 29. Qf4 Qxf4 30. Nxf4 Rc8 31. Re2 Nc4 32. Nd3 Rgg8 33. Nc5 Rc7 34. Kg1 Rgc8 35. Kf2 Rg8 36. Ree1 Nd6 37. Rb1 Kb8 38. Rbc1 Kc8 39. Ra1 Kd8 40. Re2 Ke7 41. Rc2 Rgc8 42. Ke3 b6 43. axb6 axb6 44. Na4 Ra7 45. Rca2 Rca8 46. b5 Nxb5 47. c4 dxc4 48. Kd2 Nxd4 0-1


[Site "https://www.chess.com"]

[Event "Titled Tuesday Blitz March 22 Late 2022"]
[White "Martin Duque, Jesus"]
[Black "Gatterer, Florian"]
[WhiteFideId "2208954"]
[BlackFideId "811688"]
[WhiteElo "2243"]
[BlackElo "2218"]
[Result "1/2-1/2"]
[Round "08"]
[TimeControl "180+1"]
[Date "2022.03.22"]
[WhiteClock "0:00:31"]
[BlackClock "0:00:16"]

1. Nf3 d5 2. b3 Bf5 3. Bb2 e6 4. e3 Nf6 5. c4 Be7 6. Be2 O-O 7. O-O a5 8. d3 a4 9. bxa4 c6 10. Nc3 h6 11. Nd4 Bh7 12. Nb3 Nbd7 13. cxd5 exd5 14. d4 Nb6 15. a5 Nc4 16. Bxc4 dxc4 17. Nd2 Bd3 18. Rc1 Qxa5 19. Re1 Bb4 20. a3 Be7 21. Ncb1 b5 22. e4 Rfe8 23. Bc3 Qb6 24. Qf3 c5 25. d5 Nd7 26. e5 Bg5 27. e6 fxe6 28. dxe6 Nf6 29. g3 b4 30. Ba1 Rac8 31. h4 Bxd2 32. Nxd2 Rxe6 33. Bxf6 Rxf6 34. Qg4 Rcf8 35. Nxc4 Bxc4 36. Qxc4+ Kh8 37. Qxc5 Qxc5 38. Rxc5 bxa3 39. Re2 Ra8 40. Ra2 Rb6 41. Rc3 Rba6 42. Kg2 R8a7 43. h5 Kh7 44. g4 Ra5 45. Kg3 Ra4 46. f3 R7a5 47. Kf2 Ra6 48. Rd3 Ra7 49. Ke2 R7a6 50. Kd2 Ra7 51. Kc2 R4a6 52. Rc3 Ra5 53. Kb3 Rb7+ 54. Kc2 Rba7 55. Rc4 R5a6 56. Kb3 Rb7+ 57. Rb4 Rxb4+ 58. Kxb4 Rb6+ 59. Kxa3 Rb7 60. Rb2 Ra7+ 61. Kb3 Re7 62. Rf2 Rc7 63. Rc2 Rb7+ 64. Kc3 Rc7+ 65. Kd3 Rd7+ 66. Ke4 Re7+ 67. Kf4 Rf7+ 68. Kg3 Ra7 69. Rc6 Ra5 70. Rb6 Rc5 71. Ra6 Rd5 72. Kf4 Rd4+ 73. Ke3 Rb4 74. Kf2 Rb3 75. Kg3 Rb4 76. Rd6 Rb5 77. Kf4 Rb4+ 78. Kf5 Rb5+ 79. Ke4 Rb4+ 80. Ke5 Rb5+ 81. Rd5 Rb3 82. f4 Rg3 83. Kf5 Rf3 84. Ra5 Rc3 85. Re5 Rc8 86. Rd5 Rb8 87. Ke6 Re8+ 88. Kf7 Rb8 89. g5 Rb7+ 90. Kf8 hxg5 91. fxg5 Rb8+ 92. Ke7 Rb7+ 93. Rd7 Rb5 94. g6+ Kh6 95. Kf7 Rxh5 96. Rd1 Rf5+ 97. Ke6 Rf6+ 98. Ke5 Rxg6 99. Kf4 Rg5 100. Rh1+ Kg6 101. Ra1 Rf5+ 102. Kg4 Rf6 103. Kh4 Kh7 104. Kh5 Rh6+ 105. Kg5 Rf6 106. Ra8 Rh6 107. Ra7 Rg6+ 108. Kh5 Rf6 109. Kh4 Rh6+ 110. Kg3 Rg6+ 111. Kf3 Rf6+ 112. Kg2 Re6 113. Kh1 Rg6 114. Kh2 Rh6+ 115. Kg1 Rg6+ 116. Kf2 Rh6 117. Ra3 Rf6+ 118. Kg2 Rg6+ 119. Kh2 Rh6+ 120. Kg1 Rg6+ 121. Kh1 Rh6+ 122. Kg1 Rg6+ 123. Kf1 Rf6+ 124. Ke1 Re6+ 125. Kf2 Rf6+ 126. Kg3 Rg6+ 127. Kh2 Rh6+ 128. Kg2 Rg6+ 129. Kf1 Rf6+ 130. Kg1 Rg6+ 1/2-1/2


[Site "https://www.chess.com"]

[Event "Titled Tuesday Blitz March 22 Late 2022"]
[White "Martinez Reyes, Pedro Ramon"]
[Black "Urazayev, Arystanbek"]
[WhiteFideId "3901807"]
[BlackFideId "13709810"]
[WhiteElo "2410"]
[BlackElo "2393"]
[Result "1-0"]
[Round "08"]
[TimeControl "180+1"]
[Date "2022.03.22"]
[WhiteClock "0:00:11"]
[BlackClock "0:00:09"]

1. d4 d5 2. Nf3 Nf6 3. g3 e6 4. Bg2 b5 5. O-O c5 6. c3 Nbd7 7. a4 b4 8. cxb4 cxb4 9. a5 Ba6 10. Bf4 Be7 11. Nbd2 O-O 12. Re1 h6 13. Qa4 Nh5 14. Be3 Rb8 15. Ne5 Nxe5 16. dxe5 d4 17. Bf4 Nxf4 18. gxf4 f6 19. Qc6 Bc8 20. Nc4 fxe5 21. fxe5 Kh8 22. Rad1 Bh4 23. Rf1 Qg5 24. f4 Qg6 25. Qe4 Qxe4 26. Bxe4 Ba6 27. Rxd4 Be7 28. Nd6 Bxe2 29. Rf2 Ba6 30. Bd3 Bxd3 31. Rxd3 Bd8 32. f5 Bxa5 33. Rff3 exf5 34. Rxf5 Rxf5 35. Nxf5 Re8 36. Nd6 Re6 37. Kg2 Kg8 38. Rd5 Bc7 39. Kf3 Kf8 40. Nc4 Rc6 41. b3 Ke7 42. Ke4 Rg6 43. Rb5 a5 44. Rb7 Kd8 45. Ra7 Rg2 46. Kd5 Rxh2 47. Kc6 a4 48. Rxa4 Rc2 49. Ra8+ Ke7 50. Kxc7 h5 51. Rh8 g6 52. Kc6 Ke6 53. Kc5 Kf5 54. Kd4 Rc3 55. Kd5 Rd3+ 56. Kc5 Rxb3 57. Rf8+ Ke6 58. Rf6+ Ke7 59. Rxg6 h4 60. Rh6 h3 61. Nb6 Rb1 62. Nd5+ Kf8 63. Nxb4 Re1 64. Kd6 Re3 65. Nd5 Ra3 66. e6 Kg7 67. Rh4 Kg6 68. e7 Kg5 69. Rxh3 Rxh3 70. e8=Q Rg3 71. Qe5+ Kg4 72. Ne3+ Kf3 73. Nf5 Rg4 74. Qe3+ Kg2 75. Qe2+ Kh3 76. Qf3+ Kh2 77. Qxg4 Kh1 78. Ke5 Kh2 79. Kf4 1-0


[Site "https://www.chess.com"]

[Event "Titled Tuesday Blitz March 22 Late 2022"]
[White "Matlakov, Maxim"]
[Black "Khanin, Semen"]
[WhiteFideId "4168003"]
[BlackFideId "4111990"]
[WhiteElo "2669"]
[BlackElo "2442"]
[Result "1-0"]
[Round "08"]
[TimeControl "180+1"]
[Date "2022.03.22"]
[WhiteClock "0:01:03"]
[BlackClock "0:00:01"]

1. e4 e5 2. Nf3 Nc6 3. Bc4 Nf6 4. d4 exd4 5. e5 Ne4 6. Qe2 Nc5 7. O-O Be7 8. Rd1 Ne6 9. Bxe6 dxe6 10. Be3 Qd7 11. Nxd4 Nxd4 12. Rxd4 Qc6 13. Nc3 b6 14. Rc4 Qb7 15. Qg4 g6 16. Bg5 b5 17. Rf4 h5 18. Qh4 Bxg5 19. Qxg5 Qc6 20. Ne4 Bb7 21. Nf6+ Kf8 22. Ne4 Kg8 23. Re1 Rf8 24. c3 Kg7 25. h4 Qd5 26. b3 a5 27. Kh2 a4 28. Re3 axb3 29. axb3 Qc6 30. Rg3 Rhg8 31. Qf6+ Kh7 32. Ng5+ Kh6 33. Nxf7+ Rxf7 34. Qxf7 Rg7 35. Qf8 Qd5 36. Rf6 Kh7 37. Rfxg6 1-0


[Site "https://www.chess.com"]

[Event "Titled Tuesday Blitz March 22 Late 2022"]
[White "Mekhitarian, Krikor Sevag"]
[Black "Jaskolka, Tomasz"]
[WhiteFideId "2107660"]
[BlackFideId "1170791"]
[WhiteElo "2598"]
[BlackElo "2073"]
[Result "1-0"]
[Round "08"]
[TimeControl "180+1"]
[Date "2022.03.22"]
[WhiteClock "0:00:13"]
[BlackClock "0:00:14"]

1. Nf3 Nf6 2. c4 c5 3. Nc3 Nc6 4. g3 g6 5. Bg2 Bg7 6. O-O O-O 7. d4 cxd4 8. Nxd4 a6 9. b3 Nxd4 10. Qxd4 Nd5 11. Qxd5 Bxc3 12. Rb1 Bg7 13. c5 Qa5 14. b4 Qb5 15. Bg5 e6 16. Qd3 d5 17. Rfd1 Bd7 18. e4 Qxd3 19. Rxd3 d4 20. e5 Bxe5 21. Bxb7 Bb5 22. Rd2 Rab8 23. c6 d3 24. Rb3 Bc4 25. Rbxd3 Bxd3 26. Rxd3 f6 27. Be3 Rf7 28. Ra3 Rfxb7 29. cxb7 Rxb7 30. Rxa6 Rxb4 31. Rxe6 Ra4 32. Re8+ Kf7 33. Rh8 Kg7 34. Rc8 Rxa2 35. Kg2 f5 36. Kf3 Bf6 37. Rc6 Rb2 38. h3 Rb7 39. Ra6 Re7 40. Rc6 Rd7 41. Rc4 h6 42. Ra4 g5 43. g4 f4 44. Bc5 Rd3+ 45. Ke4 Rd7 46. Ra7 Rxa7 47. Bxa7 Kg6 48. f3 Bg7 49. Bb8 Bf6 50. Be5 Be7 51. Bd4 Bd6 52. Kd5 Be7 53. Ke6 Bf8 54. Be5 h5 55. Bd6 Bg7 56. Be5 Bf8 57. Bf6 hxg4 58. hxg4 Bc5 59. Be5 Bf8 60. Bd6 Bxd6 61. Kxd6 Kf6 62. Kd5 Kf7 63. Ke5 Kg6 64. Ke6 Kg7 65. Kf5 Kh6 66. Kf6 Kh7 67. Kxg5 Kg7 68. Kxf4 Kh7 69. g5 Kg7 70. Kg4 Kh7 71. f4 Kg7 72. f5 Kh7 73. Kh5 Kg7 74. g6 Kg8 75. Kh6 Kh8 76. g7+ Kg8 77. f6 Kf7 78. Kh7 1-0


[Site "https://www.chess.com"]

[Event "Titled Tuesday Blitz March 22 Late 2022"]
[White "Mikhailov, Viacheslav"]
[Black "Villegas, Pierre"]
[WhiteFideId "4187369"]
[BlackFideId "654183"]
[WhiteElo "2381"]
[BlackElo "2395"]
[Result "1-0"]
[Round "08"]
[TimeControl "180+1"]
[Date "2022.03.22"]
[WhiteClock "0:01:49"]
[BlackClock "0:01:03"]

1. Nf3 d5 2. g3 Nf6 3. Bg2 c5 4. O-O Nc6 5. d4 cxd4 6. Nxd4 e5 7. Nxc6 bxc6 8. c4 Be6 9. Nc3 Rc8 10. Bg5 d4 11. Ne4 Be7 12. Bxf6 Bxf6 13. Qa4 Qd7 14. Nc5 Qc7 15. Nxe6 fxe6 16. b4 O-O 17. Rab1 Be7 18. c5 Rb8 19. Qxc6 Qxc6 20. Bxc6 Kf7 21. Be4 g6 22. Rfc1 Rfc8 23. a3 Rc7 24. Kg2 Bg5 25. Rc2 Be7 26. h4 Kg7 27. Rcc1 Kf7 28. Rh1 Kg7 29. h5 g5 30. h6+ Kg8 31. c6 Bd6 32. Rb3 Rb6 33. Rhb1 Rbxc6 34. Bxc6 Rxc6 35. b5 Rc2 36. b6 axb6 37. Rxb6 Bf8 38. Rxe6 Rxe2 39. Rf6 1-0


[Site "https://www.chess.com"]

[Event "Titled Tuesday Blitz March 22 Late 2022"]
[White "Mirza, Diana"]
[Black "Zhou, Qiyu"]
[WhiteFideId "2503999"]
[BlackFideId "505161"]
[WhiteElo "1813"]
[BlackElo "1925"]
[Result "0-1"]
[Round "08"]
[TimeControl "180+1"]
[Date "2022.03.22"]
[WhiteClock "0:00:01"]
[BlackClock "0:00:24"]

1. d4 Nf6 2. Nf3 d5 3. e3 e6 4. Bd3 c5 5. b3 Nc6 6. Bb2 Be7 7. a3 O-O 8. Nbd2 cxd4 9. exd4 Nh5 10. g3 Nf6 11. Ne5 Qc7 12. f4 Nd7 13. Qh5 f5 14. O-O Nf6 15. Qh3 Nxe5 16. dxe5 Bc5+ 17. Kh1 Ng4 18. Qh4 b6 19. b4 Be3 20. Nf3 Nf2+ 21. Kg2 Nxd3 22. cxd3 Qc2+ 23. Kh3 Qxb2 24. Rab1 Qxa3 25. Rfe1 d4 26. Ra1 Qxd3 27. Rac1 Bd7 28. Rc7 Rad8 29. Ng5 h6 0-1


[Site "https://www.chess.com"]

[Event "Titled Tuesday Blitz March 22 Late 2022"]
[White "Nazaretyan, Tigran"]
[Black "Ansh M Shah"]
[WhiteFideId "24162345"]
[BlackFideId "25033379"]
[WhiteElo "2219"]
[BlackElo "1819"]
[Result "1-0"]
[Round "08"]
[TimeControl "180+1"]
[Date "2022.03.22"]
[WhiteClock "0:01:26"]
[BlackClock "0:00:43"]

1. d4 Nf6 2. c4 g6 3. Nc3 d5 4. Nf3 Bg7 5. Bg5 Ne4 6. Bh4 O-O 7. Nxd5 c5 8. Bxe7 Qa5+ 9. b4 cxb4 10. Bxb4 Qd8 11. e3 Re8 12. Bd3 Nc6 13. Bd2 Nxd2 14. Qxd2 Nxd4 15. Nxd4 Bxd4 16. Rd1 Be6 17. Bxg6 hxg6 18. Qxd4 Bxd5 19. cxd5 Qa5+ 20. Qd2 Qa4 21. O-O Rad8 22. Qb2 Rd7 23. Rd4 Qa5 24. Rh4 Kf8 25. Qf6 1-0


[Site "https://www.chess.com"]

[Event "Titled Tuesday Blitz March 22 Late 2022"]
[White "Oganian, Miran"]
[Black "Zhigalko, Sergei"]
[WhiteFideId "4122488"]
[BlackFideId "13502956"]
[WhiteElo "2357"]
[BlackElo "2662"]
[Result "0-1"]
[Round "08"]
[TimeControl "180+1"]
[Date "2022.03.22"]
[WhiteClock "0:00:03"]
[BlackClock "0:00:07"]

1. e4 c5 2. c3 Nf6 3. e5 Nd5 4. d4 cxd4 5. cxd4 d6 6. Nf3 Nc6 7. Bc4 Nb6 8. Bb3 d5 9. Nh4 e6 10. Nf3 Be7 11. Nc3 Bd7 12. O-O Rc8 13. Be3 Na5 14. Nd2 O-O 15. Qg4 f5 16. exf6 Bxf6 17. Qg3 Nac4 18. Nxc4 Nxc4 19. Bxc4 Rxc4 20. Rad1 Qb6 21. Ne2 Qxb2 22. Nf4 Qxa2 23. Nh5 Qe2 24. Nxf6+ Rxf6 25. Qb8+ Bc8 26. Qxa7 Rg6 27. Qb8 Qf3 28. g3 Rf6 29. Rc1 Rf8 30. Qd6 e5 31. Qxe5 Bh3 32. Qxd5+ Qxd5 33. f3 Rxc1 0-1


[Site "https://www.chess.com"]

[Event "Titled Tuesday Blitz March 22 Late 2022"]
[White "P., Komal Kishore"]
[Black "Avazkhonov, Alikhon"]
[WhiteFideId "5016703"]
[BlackFideId "14208504"]
[WhiteElo "2085"]
[BlackElo "1739"]
[Result "0-1"]
[Round "08"]
[TimeControl "180+1"]
[Date "2022.03.22"]
[WhiteClock "0:00:03"]
[BlackClock "0:00:08"]

1. e4 c5 2. Nf3 d6 3. Bb5+ Nd7 4. O-O a6 5. Be2 Ngf6 6. d3 e5 7. c3 Be7 8. Qc2 O-O 9. Nbd2 b5 10. a4 Bb7 11. d4 c4 12. Re1 Qc7 13. Bf1 Rfe8 14. Nb1 Bf8 15. Bg5 exd4 16. Nxd4 Nxe4 17. Bf4 Qb6 18. axb5 axb5 19. Rxa8 Bxa8 20. Na3 Ndf6 21. f3 Nc5 22. Rxe8 Nxe8 23. Naxb5 d5 24. Be3 Ne6 25. b4 cxb3 26. Qxb3 Bc5 27. Kh1 Nd6 28. Nxd6 Qxb3 29. Nxb3 Bxe3 30. Nf5 Ba7 31. c4 d4 32. Bd3 g6 33. Ng3 Nf4 34. Nc1 Nxd3 35. Nxd3 Bb7 0-1


[Site "https://www.chess.com"]

[Event "Titled Tuesday Blitz March 22 Late 2022"]
[White "Papasimakopoulos, Alexandros"]
[Black "Tregubov, Pavel V."]
[WhiteFideId "4244125"]
[BlackFideId "4115341"]
[WhiteElo "2340"]
[BlackElo "2341"]
[Result "1-0"]
[Round "08"]
[TimeControl "180+1"]
[Date "2022.03.22"]
[WhiteClock "0:00:16"]
[BlackClock "0:00:34"]

1. d4 Nf6 2. c4 e6 3. Nc3 Bb4 4. Qc2 c5 5. dxc5 O-O 6. Nf3 Na6 7. a3 Bxc3+ 8. Qxc3 Nxc5 9. Bg5 Nce4 10. Bxf6 Qxf6 11. Qxf6 Nxf6 12. e3 d5 13. cxd5 Nxd5 14. Bc4 Nb6 15. Bb3 Bd7 16. Ne5 Ba4 17. Bxa4 Nxa4 18. O-O-O Rac8+ 19. Kb1 f6 20. Nf3 e5 21. Nd2 Rc6 22. Ne4 Rfc8 23. Rd2 Nc5 24. Nxc5 Rxc5 25. Rhd1 R8c7 26. Rd7 h5 27. h4 Kh7 28. e4 Kg6 29. b4 Rc1+ 30. Rxc1 Rxd7 31. f3 Kf7 32. Kb2 g5 33. hxg5 fxg5 34. Rc5 Rd2+ 35. Rc2 Rxc2+ 36. Kxc2 b5 37. Kd3 Kf6 38. Ke3 Ke6 39. Kf2 Kf6 40. Kg1 h4 41. Kh2 g4 42. fxg4 Kg5 43. Kh3 a6 44. g3 hxg3 45. Kxg3 Kg6 46. Kh4 1-0


[Site "https://www.chess.com"]

[Event "Titled Tuesday Blitz March 22 Late 2022"]
[White "Papp, Levente"]
[Black "Cappai, Davide"]
[WhiteFideId "751243"]
[BlackFideId "813338"]
[WhiteElo "2308"]
[BlackElo "2295"]
[Result "0-1"]
[Round "08"]
[TimeControl "180+1"]
[Date "2022.03.22"]
[WhiteClock "0:00:05"]
[BlackClock "0:00:57"]

1. c4 g6 2. g3 Bg7 3. Bg2 c5 4. Nc3 Nc6 5. e3 d6 6. Nge2 Nf6 7. O-O O-O 8. d4 Bd7 9. b3 Rb8 10. Bb2 a6 11. Rc1 cxd4 12. exd4 Qa5 13. a3 Qh5 14. Nf4 Qxd1 15. Rfxd1 Bg4 16. Rd2 Na5 17. Re1 Nxb3 18. Rd3 Bf5 19. Rde3 e6 20. Ne4 Nxe4 21. Rxb3 Nd2 22. Rb4 b5 23. cxb5 Rxb5 24. Bc6 Rxb4 25. axb4 Nc4 26. Bc3 Rb8 27. Ba4 d5 28. f3 h5 29. h3 Bh6 30. Kf2 Bxf4 31. gxf4 Bxh3 32. Ra1 Rb6 33. Bd7 Nd6 34. Ra5 Bf5 35. Rc5 Bd3 36. Rc7 Bb5 37. Bc8 Nxc8 38. Rxc8+ Kg7 39. Rc7 Rc6 40. Rxc6 Bxc6 41. Kg3 Bb5 42. Be1 Be2 43. Kf2 Bd1 44. Ke3 Kf8 45. Bh4 Ke8 46. f5 gxf5 47. f4 Kd7 48. Kd2 Bf3 49. Bf6 Ke8 50. Bh4 Kf8 51. Bf6 Kg8 52. Ke3 Bd1 53. Kd2 Ba4 54. Ke3 Kh7 55. Bh4 Kg6 56. Kd2 Bb5 57. Ke3 f6 58. Kd2 Kf7 59. Ke3 Ke7 60. Kf3 Bc4 61. Ke3 Kf7 62. Kf3 Bd3 63. Ke3 Be4 64. Kd2 Ke7 65. Ke3 Kd6 66. Bxf6 Kc6 67. Kd2 Kb5 68. Kc3 Ka4 69. Bh4 Ka3 70. Bg5 Ka2 71. Bh4 Kb1 72. Kb3 Kc1 73. Ka4 Kd2 74. Ka5 Bd3 75. Kb6 Ke3 76. Kc5 Kxf4 77. Kd6 Ke4 78. Kxe6 f4 79. Bf2 Kf3 80. Be1 Be4 81. Kd6 Ke2 82. Bh4 f3 0-1


[Site "https://www.chess.com"]

[Event "Titled Tuesday Blitz March 22 Late 2022"]
[White "Papp, Petra"]
[Black "Burke, Paul"]
[WhiteFideId "739049"]
[BlackFideId "2605767"]
[WhiteElo "2259"]
[BlackElo "1932"]
[Result "1-0"]
[Round "08"]
[TimeControl "180+1"]
[Date "2022.03.22"]
[WhiteClock "0:01:43"]
[BlackClock "0:01:35"]

1. d4 Nf6 2. Bf4 d6 3. e3 g6 4. c3 Bg7 5. h3 h6 6. Nf3 Nbd7 7. Nbd2 O-O 8. Bc4 Kh7 9. h4 Nb6 10. Bd3 Bg4 11. Qc2 c5 12. Ng5+ Kg8 13. f3 hxg5 14. hxg5 Be6 15. gxf6 Bxf6 16. Bxg6 fxg6 17. Qxg6+ Bg7 18. Qxe6+ Rf7 19. O-O-O cxd4 20. exd4 Rc8 21. Kb1 Qc7 22. Bh6 Kf8 23. Bxg7+ Rxg7 24. Rh8+ 1-0


[Site "https://www.chess.com"]

[Event "Titled Tuesday Blitz March 22 Late 2022"]
[White "Paravyan, David"]
[Black "Kosteniuk, Alexandra"]
[WhiteFideId "4194985"]
[BlackFideId "4128125"]
[WhiteElo "2569"]
[BlackElo "2469"]
[Result "1-0"]
[Round "08"]
[TimeControl "180+1"]
[Date "2022.03.22"]
[WhiteClock "0:00:11"]
[BlackClock "0:00:09"]

1. e4 e5 2. Nf3 Nc6 3. Nc3 Nf6 4. d4 exd4 5. Nxd4 Bb4 6. Nxc6 bxc6 7. Bd3 O-O 8. O-O d5 9. exd5 cxd5 10. Bg5 c6 11. Qf3 Rb8 12. h3 Bd6 13. b3 h6 14. Bxf6 Qxf6 15. Qxf6 gxf6 16. Ne2 c5 17. Ng3 Bxg3 18. fxg3 Kg7 19. Rf4 Rb6 20. Rd1 Re8 21. Kf2 Re5 22. g4 Ba6 23. Ra4 Bxd3 24. Rxd3 a6 25. Ra5 Rc6 26. Kg3 Kf8 27. Rf3 Ke7 28. Kf2 Ke6 29. Rf4 d4 30. Ra4 Kd5 31. Rf3 Rce6 32. c4+ Ke4 33. Ke2 Rg5 34. Ra5 Rc6 35. g3 f5 36. Rf4+ Ke5 37. b4 fxg4 38. hxg4 f5 39. Rxf5+ Rxf5 40. gxf5 Ke4 41. Rxc5 Rb6 42. a3 Rb8 43. Rc7 Rg8 44. Re7+ Kxf5 45. Kd3 Rxg3+ 46. Kxd4 Rxa3 47. Ra7 h5 48. b5 h4 49. Rxa6 Rb3 50. Rh6 Kg5 51. Rh8 h3 52. Kc5 Kg4 53. Kc6 Kg3 54. c5 h2 55. b6 Rb4 56. Rxh2 Kxh2 57. Kb7 Kg3 58. c6 Kf4 59. c7 1-0


[Site "https://www.chess.com"]